 Dungeon Crawl Stone Soup version 0.30-a0-367-g839099abd5 (webtiles) character file.

Game seed: 13530054193131574282

99 riwn the Shield-Bearer (level 4, 0/40 HPs)
             Began as a Minotaur Fighter on Nov 18, 2022.
             Slain by an orc wizard
             ... wielding a +1 dagger of distortion
              (2 damage)
             ... on level 3 of the Dungeon.
             The game lasted 00:03:51 (1647 turns).

riwn the Shield-Bearer (Minotaur Fighter)           Turns: 1647, Time: 00:03:52

Health: 0/40       AC:  8    Str: 19 (22) XL:     4   Next: 45%
Magic:  3/3        EV:  9    Int:  8 (9)  God:
Gold:   155        SH: 13    Dex:  6 (8)  Spells: 3/3 levels left

rFire   . . .      SeeInvis .    a - +0 war axe
rCold   . . .      Faith    .    c - +0 buckler
rNeg    . . .      Spirit   .    b - +1 scale mail
rPois   .          Reflect  +    (helmet restricted)
rElec   .          Harm     .    (no cloak)
rCorr   .          Rampage  .    (no gloves)
Will    .....                    (no boots)
Stlth   ..........               h - amulet of reflection
HPRegen 0.00/turn                (no ring)
MPRegen 0.08/turn                (no ring)

@: mighty, brilliant, attractive, inhibited regen
A: horns 2, retaliatory headbutt, large bone plates 1, clever 1, inhibited
regeneration
a: no special abilities


You were on level 3 of the Dungeon.
You visited 1 branch of the dungeon, and saw 3 of its levels.

You collected 155 gold pieces.

Inventory:

Hand Weapons
 a - a +0 war axe (weapon)
Armour
 b - a +1 scale mail (worn)
 c - a +0 buckler (worn)
Jewellery
 h - an amulet of reflection (around neck)
Potions
 d - 2 potions of might
 e - a potion of flight


   Skills:
 + Level 4.2 Fighting
 + Level 3.3 Axes
 + Level 4.3 Armour
 + Level 1.8 Dodging
 + Level 4.3 Shields


You had 3 spell levels left.
You didn't know any spells.
Your spell library was empty.

Dungeon Overview and Level Annotations

Branches:
Dungeon (3/15)

Altars:

Shops:
D:1 (


Innate Abilities, Weirdness & Mutations

You have a pair of horns on your head.
You reflexively headbutt those who attack you in melee.
You are partially covered in large bone plates. (SH +4)
Your mind is acute. (Int +4, Str/Dex -1)
You do not regenerate when monsters are visible.


Message History

The orc wizard flickers and vanishes!
It was a potion of degeneration.
There was something very wrong with that liquid.
You feel weakened.
You feel dopey.
You feel clumsy. You block the orc's attack.
Unknown command.
It was a potion of attraction.
You feel attractive to monsters.
The orc shouts!
You block the orc's attack.
Unknown command.
It was a potion of brilliance.
You feel clever all of a sudden. You block the orc's attack.
Unknown command.
You hit the orc. You headbutt the orc.
You kill the orc!
You aren't carrying any scrolls.
Unknown command.
Unknown command.
Something is attracted toward you. The orc is attracted toward you.
Something is attracted toward you. The orc is attracted toward you. x2
A magic dart appears from out of thin air!
The magic dart hits something!
Something is attracted toward you. The orc is attracted toward you. x2
Something is attracted toward you. The orc is attracted toward you. x2
Something is attracted toward you.
A magic dart appears from out of thin air!
The magic dart hits something!
Reactivating autopickup.
Something is attracted toward you. The orc is attracted toward you. x3
A bat comes into view.
An adder comes into view.
The orc is attracted toward you. x2; The bat is attracted toward you.
The adder is attracted toward you.
You miss the bat. You miss something. You closely miss the orc.
The adder hisses angrily.
You block the bat's attack. x2; Something hits you.
* * * LOW HITPOINT WARNING * * *
Space warps around you.
You die...

.§. .# ..# .# ..#
.# #§# .# #S# .#
#### #.# #.# #...
#b# ##.## #.##
#@#######...###.#
#{ooo§oooo...)..#
#########o.?#####
##.## #.# .# o#
.#


You could see an adder, 3 orcs and a bat.

Vanquished Creatures
  An orc priest (D:3)
  A worm (D:3)
  2 dart slugs
  3 orcs (D:3)
  6 bats
  8 endoplasms
  A goblin (D:1)
  7 hobgoblins
  2 jackals (D:1)
  6 quokkas
  6 ball pythons
  2 frilled lizards
  6 kobolds
  4 rats
55 creatures vanquished.

Vanquished Creatures (others)
  An orc wizard (D:3)
1 creature vanquished.

Grand Total: 56 creatures vanquished

Notes
Turn   | Place    | Note
-------+----------+-------------------------------------------
     0 | D:1      | riwn the Minotaur Fighter began the quest for the Orb.
     0 | D:1      | Reached XP level 1. HP: 19/19 MP: 0/0
    33 | D:1      | Found Gokapoal's Antique Weapon Boutique.
    96 | D:1      | Reached XP level 2. HP: 27/27 MP: 1/1
   123 | D:1      | Found a faded altar of an unknown god.
   272 | D:1      | Reached skill level 1 in Dodging
   332 | D:1      | Reached XP level 3. HP: 26/33 MP: 2/2
   617 | D:1      | Gained mutation: Your mind is acute. (Int +4, Str/Dex -1)
                  | [potion of mutation]
   617 | D:1      | Gained mutation: You do not regenerate when monsters are
                  | visible. [potion of mutation]
   617 | D:1      | Gained mutation: You are partially covered in large bone
                  | plates. (SH +4) [potion of mutation]
  1629 | D:3      | Reached XP level 4. HP: 38/40 MP: 3/3
  1647 | D:3      | HP: 2/40 [something (3)]
  1647 | D:3      | Slain by an orc wizard

Illustrated notes

Levels and vault maps discovered:
D:1:      tarquinn_simple_flora_water_f, layout_loops_ring, serial_shops, shop,
          chequers_ecumenical_altar_grove,
          nicolae_concentric_dashed_squares_wild
D:2:      layout_loops_ring, chequers_serial_rivers_micro_a
D:3:      layout_loops_ring, lightli_temple_of_fire, uniq_robin

Skill      XL: |  1  2  3 |
---------------+----------+-----
Dodging        | 1 |  1.8
Armour         | 4 |  4.3
Fighting       | 4 |  4.2
Shields        | 4 |  4.3
Axes           | 3 |  3.3

Action                   |  1- 3 |  4- 6 || total
-------------------------+-------+-------++-------
Melee: War axe           |    93 |     5 ||    98
       Headbutt          |    11 |     1 ||    12
  Use: Scroll            |     6 |       ||     6
       Potion            |     1 |     4 ||     5
Armor: Scale mail        |    33 |     1 ||    34
Dodge: Dodged            |    38 |     1 ||    39
Block: Buckler           |    31 |     9 ||    40

Table legend: (Time is in decaauts)
 A = Elapsed time spent in this place.
 B = Non-inter-level travel time spent in this place.
 C = Inter-level travel time spent in this place.
 D = Time resting spent in this place.
 E = Time spent auto-exploring this place.
 F = Levels seen in this place.
 G = Mean time per level.
                   A        B        C        D        E       F      G
               +--------+--------+--------+--------+--------+-----+--------+
         Total |   1687 |   1631 |     56 |      0 |   1308 |   3 |  562.3 |
       Dungeon |   1687 |   1631 |     56 |      0 |   1308 |   3 |  562.3 |
               +--------+--------+--------+--------+--------+-----+--------+

Top non-repeatable levels by time:
     D:1: 804 daAuts
     D:2: 711 daAuts
     D:3: 171 daAuts
